 Dungeon Crawl Stone Soup version 0.24-a0-250-g6074511 (webtiles) character file.

Game seed: 17650767393526585333

266 Borgoz the Cutter (level 6, -3/55 HPs)
             Began as a Kobold Gladiator on Apr 14, 2019.
             Slain by an ogre
             ... wielding a +0 giant club
              (11 damage)
             ... on level 4 of the Dungeon.
             The game lasted 00:05:21 (2899 turns).

Borgoz the Cutter (Kobold Gladiator)                Turns: 2899, Time: 00:05:22

Health: -3/55      AC: 23    Str: 13    XL:     6   Next: 44%
Magic:  9/9        EV:  3    Int:  9    God:
Gold:   91         SH:  0    Dex: 17    Spells: 9/9 levels left

rFire    . . .     SeeInvis .   a - +0 rapier
rCold    . . .     Gourm    .   (shield restricted)
rNeg     + + +     Faith    .   (armour currently unavailable)
rPois    +         Spirit   .   (helmet currently unavailable)
rElec    .         Reflect  .   (cloak currently unavailable)
rCorr    .         Harm     .   (gloves currently unavailable)
MR       .....     NoTele   +   (boots currently unavailable)
Stlth    +++.......             h - amulet of the acrobat
HPRegen  0.18/turn              (no ring)
MPRegen  0.11/turn              (no ring)

@: tree-form
A: small, carnivore
a: no special abilities


You were on level 4 of the Dungeon.
You were very full.
You were a tree.
You visited 1 branch of the dungeon, and saw 4 of its levels.

You collected 91 gold pieces.

Inventory:

Hand Weapons
 a - a +0 rapier (weapon)
Armour
 b - a +0 leather armour (melded)
 c - a +0 helmet (melded)
 g - a +0 pair of gloves (melded)
 q - a +2 cloak (melded)
Jewellery
 h - an amulet of the acrobat (around neck)
Scrolls
 e - a scroll of immolation {unknown}
 i - 5 scrolls of teleportation {unknown}
 k - 5 scrolls of identify {unknown}
 n - 2 scrolls of remove curse {unknown}
 p - 2 scrolls of enchant armour {unknown}
 s - a scroll of magic mapping {unknown}
 t - a scroll of blinking {unknown}
Potions
 j - a potion of lignification
 l - a potion of flight {unknown}
 m - a potion of brilliance {unknown}
 o - a potion of curing {unknown}
 r - a potion of heal wounds {unknown}
 u - a potion of degeneration {unknown}
 v - a potion of agility {unknown}
 w - a potion of invisibility {unknown}
Comestibles
 f - 8 rations


   Skills:
 + Level 3.5 Fighting
 + Level 5.0 Short Blades
 - Level 2.1 Throwing
 + Level 1.6 Armour
 + Level 4.6 Dodging
 + Level 3.4 Stealth
 + Level 2.0 Spellcasting


You had 9 spell levels left.
You didn't know any spells.
Your spell library was empty.

Dungeon Overview and Level Annotations

Branches:
Dungeon (4/15)
 Temple: D:4-7

Altars:
Wu Jian


Innate Abilities, Weirdness & Mutations

You are small and have problems with some larger weapons.
You are carnivorous and can eat meat at any time.


Message History

Your +0 pair of gloves melds into your body.
Your +0 leather armour melds into your body.
Your roots penetrate the ground.
The ogre hits you but does no damage.
You hit the ogre.
The ogre is heavily wounded.
The ogre hits you with a +0 giant club!
* * * LOW HITPOINT WARNING * * *
You puncture the ogre!
The ogre is almost dead.
The ogre hits you but does no damage.
You hit the ogre.
The ogre is almost dead.
You barely miss the ogre.
The ogre is almost dead.
The ogre hits you with a +0 giant club.
* * * LOW HITPOINT WARNING * * *
You completely miss the ogre.
The ogre is almost dead.
The ogre hits you with a +0 giant club!
You die...

##....### #.##..#
#......
####...####.....##
.......
####.[.........##
.......
####.....####..#...#
....... .....#####
##...#.#### ......>
..####
###...s..###.......
..####
#(###..[...(.....
.....# #O#
##...........
####..# #♣#
#..##.(##.... ...
#.##..####.# ... .
#.#..# ... . #.#.#
#### #.#. ..# # ...
# #..


You could see an ogre.

Vanquished Creatures
  A scorpion (D:4)
  A hound (D:4)
  Jessica (D:3)
  5 adders
  3 oozes
  A worm (D:3)
  4 dart slugs
  3 leopard geckos (D:1)
  5 giant cockroaches
  10 goblins
  11 hobgoblins
  16 jackals
  7 kobolds
  2 quokkas
  10 bats
  6 frilled lizards
  5 rats
91 creatures vanquished.

Notes
Turn   | Place    | Note
-------+----------+-------------------------------------------
     0 | D:1      | Borgoz the Kobold Gladiator began the quest for the Orb.
     0 | D:1      | Reached XP level 1. HP: 12/12 MP: 1/1
    39 | D:1      | Reached XP level 2. HP: 9/18 MP: 2/2
    51 | D:1      | Reached skill level 1 in Stealth
   322 | D:1      | Reached XP level 3. HP: 22/22 MP: 4/4
   597 | D:1      | Reached skill level 1 in Spellcasting
  1062 | D:2      | Reached XP level 4. HP: 20/27 MP: 5/5
  1448 | D:2      | Reached skill level 1 in Armour
  1552 | D:2      | Reached XP level 5. HP: 32/32 MP: 6/6
  2088 | D:3      | Noticed Jessica
  2102 | D:3      | Killed Jessica
  2218 | D:3      | Found an ornate altar of the Wu Jian Council.
  2814 | D:4      | Reached XP level 6. HP: 37/37 MP: 8/8
  2844 | D:4      | Noticed an ogre
  2882 | D:4      | Reached skill level 5 in Short Blades
  2899 | D:4      | Slain by an ogre

Levels and vault maps discovered:
D:1:      lightli_arrival_maybe_door_vault, layout_basic, serial_forest,
          infiniplex_forest_clump_double, infiniplex_forest_end_1,
          infiniplex_forest_clump_medium, infiniplex_forest_clump_small,
          infiniplex_forest_corner_1, infiniplex_forest_clump_double,
          infiniplex_forest_lined_3, kennysheep_crisscross,
          minmay_small_reverse_x
D:2:      layout_basic, kennysheep_generic_room_14
D:3:      layout_loops_ring, nicolae_overflow_hidden_temple, uniq_jessica
D:4:      layout_rooms, serial_shops, nicolae_shop_trees, first_ration

Skill      XL: |  1  2  3  4  5  6 |
---------------+-------------------+-----
Stealth        | 1 2 3 |  3.4
Spellcasting   | 1 2 |  2.0
Dodging        | 4 |  4.6
Armour         | 1 |  1.6
Fighting       | 3 |  3.5
Short Blades   | 5 |  5.0
Throwing       | |  2.1

Action                   |  1- 3 |  4- 6 || total
-------------------------+-------+-------++-------
Melee: Rapier            |   195 |   263 ||   458
Throw: Throwing net      |     3 |     3 ||     6
  Use: Potion            |       |     1 ||     1
 Stab: Held in net/web   |     1 |       ||     1
       Sleeping          |     2 |     7 ||     9
  Eat: Chunk             |     9 |     6 ||    15
Armor: Leather armour    |    27 |    64 ||    91
       Skin              |       |     2 ||     2
Dodge: Dodged            |   133 |   281 ||   414

Table legend:
 A = Non-vault XP
 B = Vault XP
 C = Vault XP percentage of total XP
 D = Non-vault monster count
 E = Vault monster count
 F = Vault count percentage of total count
                 A         B        C        D         E       F
            +---------+---------+-------+---------+---------+-------
      Total |     333 |      48 |  12.6 |      85 |       6 |   6.6
            +---------+---------+-------+---------+---------+-------
        D:1 |      55 |       9 |  14.1 |      29 |       4 |  12.1
        D:2 |     111 |       2 |   1.8 |      34 |       1 |   2.9
        D:3 |      36 |      37 |  50.7 |      18 |       1 |   5.3
        D:4 |     131 |       0 |   0.0 |       4 |       0 |   0.0
            +---------+---------+-------+---------+---------+-------
